3L
MONTANA PANDAS @ PHILADELPHIA 1776 BC
08/09/2020
 
TOP OF THE 1ST
Montana Pandas batting - Pitching for Philadelphia 1776 BC : RHP Robert Archer
Pitching: RHP Robert Archer
Batting: LHB Lance Schiffer 0-0: Called Strike
0-1: Ball
1-1: Ball
2-1: Fly out, F4 (Popup, 4D)
Batting: LHB Jarred Smith 0-0: Ball
1-0: Ball
2-0: Swinging Strike
2-1: Ball
3-1: Foul Ball, location: 2F
3-2: Ground out 5-3 (Groundball, 15S)
Batting: RHB Nathan Clay 0-0: Ball
1-0: Ball
2-0: Ball
3-0: Base on Balls
Batting: LHB Raúl Valentín 0-0: Ball
1-0: Called Strike
1-1: Ground out 4-3 (Groundball, 4)
Top of the 1st over - 0 run(s), 0 hit(s), 0 error(s), 1 left on base; Montana 0 - Philadelphia 1776 0
BOTTOM OF THE 1ST
Philadelphia 1776 BC batting - Pitching for Montana Pandas : RHP Elvin Brooks
Pitching: RHP Elvin Brooks
Batting: LHB Manuel García 0-0: SINGLE (Flyball, 78S)
Batting: RHB Brian O'Brian 0-0: Ball
1-0: Called Strike
1-1: Ball
2-1: Ball
3-1: Base on Balls
Manuel García to second
Batting: LHB Sébastien Rolland 0-0: SINGLE (Line Drive, 8RS)
Manuel García to third
Brian O'Brian to second
Batting: RHB Gus Gibbs 0-0: Fly out, F8 (Flyball, 8LD)
Runner from 3rd tags up, SCORES, no throw
Batting: RHB Cris López 0-0: Ball
1-0: Ball
2-0: Ball
3-0: Called Strike
3-1: Called Strike
3-2: Fly out, F3 (Popup, 23F)
Batting: RHB Joe Smith 0-0: Called Strike
0-1: Ball
1-1: Ball
2-1: Swinging Strike
2-2: Ground out 4-3 (Groundball, 4)
Bottom of the 1st over - 1 run(s), 2 hit(s), 0 error(s), 2 left on base; Montana 0 - Philadelphia 1776 1
TOP OF THE 2ND
Montana Pandas batting - Pitching for Philadelphia 1776 BC : RHP Robert Archer
Batting: RHB Brian King 0-0: Foul Ball, location: 2F
0-1: Ball
1-1: Ball
2-1: Ground out 5-3 (Groundball, 56)
Batting: RHB Jorge Quezada 0-0: Called Strike
0-1: Called Strike
0-2: Ball
1-2: Ball
2-2: Foul Ball, location: 2F
2-2: Strikes out swinging
Batting: RHB Gil Lowe 0-0: Ball
1-0: Ball
2-0: Foul Ball, location: 2F
2-1: Called Strike
2-2: Ball
3-2: Fly out, F7 (Line Drive, 7M)
Top of the 2nd over - 0 run(s), 0 hit(s), 0 error(s), 0 left on base; Montana 0 - Philadelphia 1776 1
BOTTOM OF THE 2ND
Philadelphia 1776 BC batting - Pitching for Montana Pandas : RHP Elvin Brooks
Batting: RHB Jesús Orozco 0-0: Called Strike
0-1: Fly out, F9 (Flyball, 9LD)
Batting: RHB Manny Hernández 0-0: Called Strike
0-1: SINGLE (Groundball, 34)
Batting: RHB Robert Archer 0-0: Sac Bunt - play at first, batter OUT! 1-4
Manny Hernández to second
Batting: LHB Manuel García 0-0: Called Strike
0-1: Ground out 4-3 (Groundball, 4)
Bottom of the 2nd over - 0 run(s), 1 hit(s), 0 error(s), 1 left on base; Montana 0 - Philadelphia 1776 1
TOP OF THE 3RD
Montana Pandas batting - Pitching for Philadelphia 1776 BC : RHP Robert Archer
Batting: RHB Greg Terry 0-0: Foul Ball, location: 2F
0-1: Ball
1-1: Called Strike
1-2: Ball
2-2: Foul Ball, location: 2F
2-2: Ball
3-2: Foul Ball, location: 2F
3-2: Foul Ball, location: 2F
3-2: Strikes out looking
Batting: RHB Elvin Brooks 0-0: Ball
1-0: Fly out, F9 (Flyball, 9M)
Batting: LHB Lance Schiffer 0-0: Called Strike
0-1: Ball
1-1: Ball
2-1: Fly out, F7 (Flyball, 7S)
Top of the 3rd over - 0 run(s), 0 hit(s), 0 error(s), 0 left on base; Montana 0 - Philadelphia 1776 1
BOTTOM OF THE 3RD
Philadelphia 1776 BC batting - Pitching for Montana Pandas : RHP Elvin Brooks
Batting: RHB Brian O'Brian 0-0: Ground out 5-3 (Groundball, 56)
Batting: LHB Sébastien Rolland 0-0: Swinging Strike
0-1: Called Strike
0-2: SINGLE (Flyball, 8RS)
Batting: RHB Gus Gibbs 0-0: Ball
Sébastien Rolland steals 2nd base
1-0: Ball
2-0: Foul Ball, location: 2F
2-1: Foul Ball, location: 2F
2-2: Fly out, F2 (Popup, 2RF)
Batting: RHB Cris López 0-0: Called Strike
0-1: Foul Ball, location: 2F
0-2: SINGLE (Groundball, 25) (infield hit)
Sébastien Rolland to third
Batting: RHB Joe Smith 0-0: Called Strike
0-1: Fielders Choice at 2nd, 5-4 (Groundball, 56)
Bottom of the 3rd over - 0 run(s), 2 hit(s), 0 error(s), 1 left on base; Montana 0 - Philadelphia 1776 1
TOP OF THE 4TH
Montana Pandas batting - Pitching for Philadelphia 1776 BC : RHP Robert Archer
Batting: LHB Jarred Smith 0-0: Ball
1-0: SINGLE (Flyball, 7LS)
Batting: RHB Nathan Clay 0-0: Called Strike
Jarred Smith steals 2nd base
0-1: Ball
Wild Pitch!
Jarred Smith to third
1-1: Fly out, F9 (Flyball, 9M)
Runner from 3rd tags up, SCORES, throw made
Batting: LHB Raúl Valentín 0-0: Ball
1-0: Foul Ball, location: 2F
1-1: SINGLE (Flyball, 78S)
Batting: RHB Brian King 0-0: Ball
1-0: Foul Ball, location: 2F
1-1: Ball
2-1: Called Strike
2-2: Ball
3-2: Fly out, F9 (Flyball, 89M)
Batting: RHB Jorge Quezada 0-0: Called Strike
0-1: Called Strike
0-2: Foul Ball, location: 2F
0-2: Foul Ball, location: 2F
0-2: Fly out, F8 (Flyball, 8LM)
Top of the 4th over - 1 run(s), 2 hit(s), 0 error(s), 1 left on base; Montana 1 - Philadelphia 1776 1
BOTTOM OF THE 4TH
Philadelphia 1776 BC batting - Pitching for Montana Pandas : RHP Elvin Brooks
Pitching: RHP Iván Castillo
Batting: RHB Jesús Orozco 0-0: Called Strike
0-1: Foul Ball, location: 2F
0-2: SINGLE (Groundball, 5D)
Batting: RHB Manny Hernández 0-0: Ball
Jesús Orozco is caught stealing 2nd base
1-0: Fly out, F8 (Flyball, 8RS)
Batting: RHB Robert Archer 0-0: Ball
1-0: Ball
2-0: Swinging Strike
2-1: Ball
3-1: Fly out, F6 (Line Drive, 56)
Bottom of the 4th over - 0 run(s), 1 hit(s), 0 error(s), 0 left on base; Montana 1 - Philadelphia 1776 1
TOP OF THE 5TH
Montana Pandas batting - Pitching for Philadelphia 1776 BC : RHP Robert Archer
Batting: RHB Gil Lowe 0-0: Called Strike
0-1: Ball
1-1: Swinging Strike
1-2: Strikes out looking
Batting: RHB Greg Terry 0-0: Ground out 6-3 (Groundball, 6M)
Batting: RHB Iván Castillo 0-0: Ball
1-0: Called Strike
1-1: Ball
2-1: SINGLE (Groundball, 4M)
Batting: LHB Lance Schiffer 0-0: Ground out U3 (Groundball, 3)
Top of the 5th over - 0 run(s), 1 hit(s), 0 error(s), 1 left on base; Montana 1 - Philadelphia 1776 1
BOTTOM OF THE 5TH
Philadelphia 1776 BC batting - Pitching for Montana Pandas : RHP Iván Castillo
Batting: LHB Manuel García 0-0: Ball
1-0: Called Strike
1-1: Ground out 6-3 (Groundball, 6M)
Batting: RHB Brian O'Brian 0-0: Called Strike
0-1: Ball
1-1: Ball
2-1: Foul Ball, location: 2F
2-2: Ball
3-2: Foul Ball, location: 2F
3-2: Ground out 4-3 (Groundball, 4)
Batting: LHB Sébastien Rolland 0-0: Ball
1-0: Foul Ball, location: 2F
1-1: Foul Ball, location: 2F
1-2: Ball
2-2: Strikes out swinging
Bottom of the 5th over - 0 run(s), 0 hit(s), 0 error(s), 0 left on base; Montana 1 - Philadelphia 1776 1
TOP OF THE 6TH
Montana Pandas batting - Pitching for Philadelphia 1776 BC : RHP Robert Archer
Batting: LHB Jarred Smith 0-0: Ball
1-0: SOLO HOME RUN (Flyball, 89XD), Distance : 408 ft
Batting: RHB Nathan Clay 0-0: Called Strike
0-1: Ball
1-1: Called Strike
1-2: Strikes out swinging
Batting: LHB Raúl Valentín 0-0: Ball
1-0: Called Strike
1-1: Fly out, F8 (Flyball, 8RM)
Batting: RHB Brian King 0-0: Called Strike
0-1: Ball
1-1: Ball
2-1: Foul Ball, location: 2F
2-2: Fly out, F9 (Flyball, 89M)
Top of the 6th over - 1 run(s), 1 hit(s), 0 error(s), 0 left on base; Montana 2 - Philadelphia 1776 1
BOTTOM OF THE 6TH
Philadelphia 1776 BC batting - Pitching for Montana Pandas : RHP Iván Castillo
Batting: RHB Gus Gibbs 0-0: Ground out 6-3 (Groundball, 56)
Batting: RHB Cris López 0-0: Called Strike
0-1: Ball
1-1: Called Strike
1-2: Foul Ball, location: 2F
1-2: Strikes out swinging
Batting: RHB Joe Smith 0-0: Called Strike
0-1: Ball
1-1: Ball
2-1: Ball
3-1: Base on Balls
Batting: RHB Jesús Orozco 0-0: Ball
1-0: Called Strike
1-1: Ball
2-1: Foul Ball, location: 2F
2-2: Foul Ball, location: 2F
2-2: Foul Ball, location: 2F
2-2: Ball
Single, Error in OF, E9, batter to second base
Joe Smith to third
Pitching: RHP Rubén Sánchez
Batting: RHB Manny Hernández 0-0: Fly out, F8 (Flyball, 8LS)
Bottom of the 6th over - 0 run(s), 1 hit(s), 1 error(s), 2 left on base; Montana 2 - Philadelphia 1776 1
TOP OF THE 7TH
Montana Pandas batting - Pitching for Philadelphia 1776 BC : RHP Robert Archer
Batting: RHB Jorge Quezada 0-0: Ball
1-0: Ball
2-0: Ground out 1-3 (Groundball, 15)
Batting: RHB Gil Lowe 0-0: Called Strike
0-1: Ball
1-1: Swinging Strike
1-2: Foul Ball, location: 2F
1-2: Foul Ball, location: 2F
1-2: Strikes out looking
Batting: RHB Greg Terry 0-0: Ball
1-0: Called Strike
1-1: Ball
2-1: Ball
3-1: SINGLE (Groundball, 4D)
Pinch Hitting: SHB Bill Becker 0-0: Ball
1-0: Ball
2-0: SINGLE (Line Drive, 4MD)
Greg Terry to second
Batting: LHB Lance Schiffer 0-0: Ball
1-0: Ball
2-0: Ball
3-0: Called Strike
3-1: Base on Balls
Greg Terry to third
Bill Becker to second
Batting: LHB Jarred Smith 0-0: Ball
1-0: Ball
2-0: Ball
3-0: Called Strike
3-1: Called Strike
3-2: Base on Balls
Greg Terry scores
Bill Becker to third
Lance Schiffer to second
Batting: RHB Nathan Clay 0-0: Ball
1-0: Foul Ball, location: 2F
1-1: Ball
2-1: Ball
3-1: Foul Ball, location: 2F
3-2: Foul Ball, location: 2F
3-2: Ground out 3-1 (Groundball, 34)
Top of the 7th over - 1 run(s), 2 hit(s), 0 error(s), 3 left on base; Montana 3 - Philadelphia 1776 1
BOTTOM OF THE 7TH
Philadelphia 1776 BC batting - Pitching for Montana Pandas : RHP Rubén Sánchez
Pitching: LHP Jeffery Howell
Pinch Hitting: LHB Chris Nelson 0-0: Foul Ball, location: 2F
0-1: Ball
1-1: Swinging Strike
1-2: Strikes out looking
Batting: LHB Manuel García 0-0: Foul Ball, location: 2F
0-1: Ball
1-1: Ball
2-1: Foul Ball, location: 2F
2-2: Strikes out swinging
Batting: RHB Brian O'Brian 0-0: SINGLE (Line Drive, 6D)
Batting: LHB Sébastien Rolland 0-0: Called Strike
0-1: Foul Ball, location: 2F
0-2: SINGLE (Groundball, 56) (infield hit)
Brian O'Brian to second
Pinch Hitting: RHB Yuji Ine 0-0: Ball
1-0: Swinging Strike
1-1: Ground out 6-3 (Groundball, 6)
Bottom of the 7th over - 0 run(s), 2 hit(s), 0 error(s), 2 left on base; Montana 3 - Philadelphia 1776 1
TOP OF THE 8TH
Montana Pandas batting - Pitching for Philadelphia 1776 BC : RHP Robert Archer
Pitching: LHP Francisco Carrasco
Now at SS: Ryan Simpson
Batting: LHB Raúl Valentín 0-0: Swinging Strike
0-1: Ball
1-1: Fly out, F8 (Flyball, 8LM)
Batting: RHB Brian King 0-0: Ground out 5-3 (Groundball, 56)
Batting: RHB Jorge Quezada 0-0: Called Strike
0-1: Ball
1-1: Swinging Strike
1-2: Strikes out swinging
Top of the 8th over - 0 run(s), 0 hit(s), 0 error(s), 0 left on base; Montana 3 - Philadelphia 1776 1
BOTTOM OF THE 8TH
Philadelphia 1776 BC batting - Pitching for Montana Pandas : LHP Jeffery Howell
Batting: RHB Cris López 0-0: Called Strike
0-1: Ball
1-1: Foul Ball, location: 2F
1-2: Fly out, F5 (Line Drive, 5)
Batting: RHB Joe Smith 0-0: Foul Ball, location: 2F
0-1: Ball
1-1: Foul Ball, location: 2F
1-2: Strikes out swinging
Batting: RHB Jesús Orozco 0-0: Called Strike
0-1: Ball
1-1: SINGLE (Groundball, 34D) (infield hit)
Batting: RHB Manny Hernández 0-0: Ball
1-0: Called Strike
1-1: SINGLE (Line Drive, 34D)
Jesús Orozco to second
Pinch Hitting: LHB Rubén Alte 0-0: Ball
1-0: Ball
2-0: Ground out 1-3 (Groundball, 13)
Bottom of the 8th over - 0 run(s), 2 hit(s), 0 error(s), 2 left on base; Montana 3 - Philadelphia 1776 1
TOP OF THE 9TH
Montana Pandas batting - Pitching for Philadelphia 1776 BC : LHP Francisco Carrasco
Pitching: LHP Michael Campbell
Batting: RHB Gil Lowe 0-0: Foul Ball, location: 2F
0-1: Ball
1-1: Ball
2-1: Foul Ball, location: 2F
2-2: Ball
3-2: Ground out 4-3 (Groundball, 4M)
Batting: RHB Greg Terry 0-0: Ball
1-0: Swinging Strike
1-1: Swinging Strike
1-2: Ball
2-2: Ground out 4-3 (Groundball, 4M)
Pinch Hitting: RHB Alberto Ortíz 0-0: Called Strike
0-1: Called Strike
0-2: Strikes out swinging
Top of the 9th over - 0 run(s), 0 hit(s), 0 error(s), 0 left on base; Montana 3 - Philadelphia 1776 1
BOTTOM OF THE 9TH
Philadelphia 1776 BC batting - Pitching for Montana Pandas : LHP Jeffery Howell
Pitching: LHP Rich Lawrence
Batting: LHB Manuel García 0-0: Ball
1-0: SINGLE (Groundball, 4MD)
Batting: RHB Brian O'Brian 0-0: Called Strike
0-1: Ball
1-1: Fly out, F3 (Popup, 23F)
Batting: LHB Sébastien Rolland 0-0: Called Strike
0-1: Ball
1-1: Ball
2-1: Ball
3-1: Fly out, F5 (Popup, 5SF)
Batting: RHB Ryan Simpson 0-0: Ball
1-0: Called Strike
1-1: Foul Ball, location: 2F
1-2: Foul Ball, location: 2F
1-2: Fly out, F9 (Flyball, 89S)
Bottom of the 9th over - 0 run(s), 1 hit(s), 0 error(s), 1 left on base; Montana 3 - Philadelphia 1776 1
This league is powered by Out of the Park Baseball, the baseball management simulation game for PC, Mac and Linux
Friday, October 23rd, 2015 - OOTP Baseball 16.9 Build 39